 Dungeon Crawl Stone Soup version 0.24.0-125-gc4c63601f3 (webtiles) character file.

Game seed: 6450972699350430041, levelgen mode: deterministic

149 Martska the Skirmisher (level 5, 0/42 HPs)
             Began as a Demonspawn Fighter on Feb 27, 2020.
             Slain by an orc
             ... wielding a +0 trident
              (5 damage)
             ... on level 3 of the Dungeon.
             The game lasted 00:05:51 (2646 turns).

Martska the Skirmisher (Demonspawn Fighter)         Turns: 2646, Time: 00:05:52

Health: 0/42       AC:  9    Str: 18    XL:     5   Next: 9%
Magic:  5/5        EV:  7    Int:  9    God:
Gold:   81         SH:  9    Dex: 12    Spells: 4/4 levels left

rFire    + . .     SeeInvis .     - Unarmed
rCold    . . .     Gourm    +   b - +0 shield
rNeg     + . .     Faith    .   a - +0 scale mail
rPois    .         Spirit   .   j - +1 helmet
rElec    .         Reflect  .   (no cloak)
rCorr    .         Harm     .   (no gloves)
MR       .....                  (no boots)
Stlth    ..........             o - amulet of the gourmand
HPRegen  0.14/turn              e - ring of positive energy
MPRegen  0.09/turn              (no ring)

@: very slightly contaminated
A: claws 2, fire resistance 1
a: no special abilities


You were on level 3 of the Dungeon.
You were not hungry.

You visited 1 branch of the dungeon, and saw 4 of its levels.

You collected 81 gold pieces.

Inventory:

Armour
 a - a +0 scale mail (worn)
 b - a +0 shield (worn)
 j - a +1 helmet (worn)
Jewellery
 e - a ring of positive energy (left claw)
 o - an amulet of the gourmand (around neck)
Scrolls
 f - 2 scrolls of identify
 g - a scroll of enchant armour
 n - 2 scrolls of remove curse
Potions
 c - 3 potions of might
 k - a potion of curing
Comestibles
 d - 5 rations


   Skills:
 * Level 4.2 Fighting
 + Level 3.2 Armour
 + Level 3.2 Shields
 * Level 3.1 Unarmed Combat


You had 4 spell levels left.
You didn't know any spells.
Your spell library was empty.

Dungeon Overview and Level Annotations

Branches:
Dungeon (4/15)
 Temple: D:4-7

Altars:


Innate Abilities, Weirdness & Mutations

You have very sharp fingernails.
Your flesh is heat resistant. (rF+)


Message History

The hobgoblin is severely wounded.
The hobgoblin hits you but does no damage.
You block the orc's attack. x2
The hobgoblin hits you but does no damage.
The orc hits you with a +0 hand axe.
* * * LOW HITPOINT WARNING * * *
The ice beast barely misses you.
You closely miss the hobgoblin.
The hobgoblin is severely wounded.
The hobgoblin hits you but does no damage.
You block the orc's attack. x2; The hobgoblin closely misses you.
The ice beast hits you but does no damage.
The orc hits you but does no damage.
You closely miss the hobgoblin.
The hobgoblin is heavily wounded.
The hobgoblin barely misses you. The orc hits you but does no damage.
The hobgoblin hits you but does no damage.
The ice beast hits you but does no damage.
The orc hits you from afar with a +0 trident.
You die...

*,,,,,,,,* *,,,,,,,,* *********
***********,,,,,,,,******,,,,,,,,
,,,,,,,,,,,,,,,,,,,,,,,,,,,,,,,,,
####*********************,*<*,***
...# *#####'*,*,* ...#
*.......,*,* ...#
#########.......,*,* ...#
#..OY@go........,*,**
...#########...goo.........,,,,*
)..'.......'....oo.........,,,,*
...#########..............,,,,,*
...# #..........###,*'**** ...#
#..........# *,*,* ####
#..........# *,*,*
##########.##*.#,* ######
#..#*.#,*


You could see an ice beast, an ogre, 5 orcs and 2 hobgoblins.

Vanquished Creatures
  A crimson imp (D:4)
  4 adders (D:2)
  A worm (D:2)
  A dart slug (D:2)
  4 orcs
  7 bats
  2 giant cockroaches (D:2)
  6 goblins
  10 hobgoblins
  11 jackals
  4 kobolds
  3 quokkas
  A ball python (D:4)
  A frilled lizard (D:1)
  4 rats
60 creatures vanquished.

Notes
Turn   | Place    | Note
-------+----------+-------------------------------------------
     0 | D:1      | Martska the Demonspawn Fighter began the quest for the Orb.
     0 | D:1      | Reached XP level 1. HP: 18/18 MP: 1/1
   220 | D:1      | Gained mutation: You have sharp fingernails. [demonic
                  | ancestry]
   220 | D:1      | Reached XP level 2. HP: 17/24 MP: 2/2
   986 | D:2      | Gained mutation: Your flesh is heat resistant. (rF+)
                  | [demonic ancestry]
   986 | D:2      | Reached XP level 3. HP: 28/29 MP: 3/3
  1574 | D:2      | Reached XP level 4. HP: 23/37 MP: 4/4
  1977 | D:2      | Noticed an ice beast
  2239 | D:4      | Reached skill level 4 in Fighting
  2432 | D:4      | Noticed an ogre
  2475 | D:3      | Gained mutation: You have very sharp fingernails. [demonic
                  | ancestry]
  2475 | D:3      | Reached XP level 5. HP: 42/42 MP: 5/5
  2646 | D:3      | Slain by an orc

Levels and vault maps discovered:
D:1:      dpeg_arrival_rooms_c, layout_loops_cross
D:2:      layout_loops_corners, kennysheep_pointless_box
D:3:      cheibrodos_helix_gallery, layout_basic, st_stairs_1, uniq_robin
D:4:      layout_rooms, old_standard_altar

Skill      XL: |  1  2  3  4 |
---------------+-------------+-----
Unarmed Combat | 2 3 |  3.1
Armour         | 3 |  3.2
Shields        | 3 |  3.2
Fighting       | 4 |  4.2

Action                   |  1- 3 |  4- 6 || total
-------------------------+-------+-------++-------
Melee: Unarmed           |   162 |   109 ||   271
  Use: Scroll            |       |     8 ||     8
       Potion            |       |     3 ||     3
  Eat: Chunk             |     2 |       ||     2
       Ration            |       |     1 ||     1
Armor: Scale mail        |    64 |    83 ||   147
Dodge: Dodged            |    42 |    54 ||    96
Block: Shield            |    63 |    65 ||   128
